[Event "Titled Tuesday Blitz December 06 Early 2022"]
[White "Gabdrakhmanov, Azat"]
[Black "Daneshvar, Bardiya"]
[WhiteFideId "34189197"]
[BlackFideId "12576468"]
[WhiteElo "2254"]
[BlackElo "2429"]
[Result "0-1"]
[Round "08"]
[TimeControl "180+1"]
[Date "2022.12.06"]
[WhiteClock "0:00:20"]
[BlackClock "0:01:52"]

1. e4 Nf6 2. e5 Nd5 3. d4 d6 4. exd6 cxd6 5. Nf3 g6 6. c4 Nf6 7. Nc3 Bg7 8. Be2 O-O 9. O-O d5 10. c5 Nc6 11. Re1 Bg4 12. h3 Bxf3 13. Bxf3 e6 14. Bf4 Nd7 15. Be3 b6 16. Rc1 bxc5 17. dxc5 Nde5 18. Bf4 Nxf3+ 19. Qxf3 Qa5 20. Bd6 Rfd8 21. a3 Nd4 22. Qd1 Nf5 23. Bg3 Qxc5 24. b4 Qe7 25. Nb5 Nxg3 26. fxg3 a6 27. Nc3 a5 28. b5 Qxa3 29. Ne2 Rab8 30. Rb1 Qc5+ 31. Kh2 Rxb5 32. Qa4 Rxb1 33. Rxb1 Be5 34. Nf4 Bxf4 35. Qxf4 d4 36. Rb7 Rf8 37. Rd7 e5 38. Qf6 a4 39. h4 a3 40. h5 Qc1 41. Ra7 d3 42. Qxe5 d2 43. h6 Qb2 0-1


[Site "https://www.chess.com"]

[Event "Titled Tuesday Blitz December 06 Early 2022"]
[White "Galchenko, Matvey"]
[Black "Oro, Faustino"]
[WhiteFideId "24175480"]
[BlackFideId "20000197"]
[WhiteElo "2404"]
[BlackElo "1984"]
[Result "1-0"]
[Round "08"]
[TimeControl "180+1"]
[Date "2022.12.07"]
[WhiteClock "0:00:08"]
[BlackClock "0:00:02"]

1. e4 e5 2. Nf3 Nc6 3. d4 exd4 4. Nxd4 Bc5 5. Nb3 Bb6 6. Nc3 Nf6 7. Bg5 h6 8. Bh4 O-O 9. Qe2 d6 10. O-O-O Re8 11. f3 Be6 12. Kb1 a5 13. a4 Ne5 14. g4 Ng6 15. Bg3 Qc8 16. h4 Nxg4 17. fxg4 Bxg4 18. Qd2 Bxd1 19. Qxd1 Ne5 20. Bh3 Qd8 21. Nd5 Nc4 22. Qe2 Ne5 23. Nxb6 cxb6 24. Nd4 d5 25. Nf5 dxe4 26. Qxe4 Nc6 27. Qg4 Qf6 28. Rf1 Ne5 29. Qf4 Rad8 30. h5 Qg5 31. Rg1 Nc6 32. Qf2 Rd2 33. Qxb6 Red8 34. Ne3 Nb4 35. c3 Nd3 36. Nc4 Re2 37. Bc7 Qxg1+ 38. Qxg1 Re1+ 39. Qxe1 Nxe1 40. Bxd8 1-0


[Site "https://www.chess.com"]

[Event "Titled Tuesday Blitz December 06 Early 2022"]
[White "Garv Gaur"]
[Black "Pajeken, Jakob Leon"]
[WhiteFideId "45030839"]
[BlackFideId "12942839"]
[WhiteElo "2056"]
[BlackElo "2414"]
[Result "1/2-1/2"]
[Round "08"]
[TimeControl "180+1"]
[Date "2022.12.07"]
[WhiteClock "0:00:02"]
[BlackClock "0:00:10"]

1. d4 d5 2. Nf3 Nf6 3. c4 dxc4 4. g3 b5 5. Bg2 Bb7 6. O-O Nbd7 7. a4 a6 8. Bf4 e6 9. b3 cxb3 10. Qxb3 Bd5 11. Qc2 c6 12. Nbd2 Nb6 13. a5 Nc4 14. e4 Rc8 15. exd5 cxd5 16. Qd3 Bb4 17. Ne5 O-O 18. Rfc1 Nxa5 19. Rxc8 Qxc8 20. Nb3 Nc4 21. Bd2 Nxd2 22. Nxd2 Qc3 23. Nb3 a5 24. Qxc3 Bxc3 25. Rc1 Bb4 26. Nd3 Ne4 27. Nxb4 axb4 28. Bf1 Nc3 29. Nd2 Ra8 30. Nb3 f6 31. Ra1 Ra4 32. Bd3 e5 33. Kf1 exd4 34. Ke1 Kf7 35. Kd2 Ke7 36. Kc1 Kd6 37. Kb2 Rxa1 38. Kxa1 Ke5 39. f4+ Kd6 40. Nxd4 h6 41. Nxb5+ Kc5 42. Nxc3 bxc3 43. Kb1 Kd4 44. Kc2 Ke3 45. Kxc3 Kf2 46. Kd4 Kg2 47. f5 Kxh2 48. g4 Kg3 49. Be2 Kf4 50. Kxd5 h5 51. gxh5 Kxf5 52. Bd3+ Kg5 53. Bg6 f5 54. Kd4 Kf6 55. Ke3 Ke7 56. Kf4 Kf8 57. Kxf5 Kg8 58. Be8 Kh8 59. Kg6 Kg8 60. Bc6 Kh8 61. Kf7 Kh7 62. Kf8 Kh8 63. Be4 g6 64. hxg6 1/2-1/2


[Site "https://www.chess.com"]

[Event "Titled Tuesday Blitz December 06 Early 2022"]
[White "Gatterer, Florian"]
[Black "sabkeIXO"]
[WhiteFideId "811688"]
[WhiteElo "2218"]
[BlackElo "2479"]
[Result "0-1"]
[Round "08"]
[TimeControl "180+1"]
[Date "2022.12.07"]
[WhiteClock "0:00:04"]
[BlackClock "0:00:38"]

1. e4 d5 2. exd5 Nf6 3. d4 Nxd5 4. Nf3 Bg4 5. Be2 Nc6 6. c4 Nb6 7. c5 Nd5 8. O-O e6 9. Nc3 Be7 10. h3 Bh5 11. Ne4 O-O 12. Ng3 Bg6 13. Bd3 Bf6 14. Bxg6 hxg6 15. Ne4 Re8 16. Nxf6+ gxf6 17. Qb3 Rb8 18. Re1 Kg7 19. Bd2 Nde7 20. Bc3 Qd5 21. Qc2 Red8 22. b3 Qf5 23. Qe2 Nd5 24. Bb2 Rh8 25. Bc1 Nf4 26. Bxf4 Qxf4 27. Qe3 Qf5 28. Qe4 Ne7 29. Qxf5 Nxf5 30. Rac1 c6 31. b4 Rhd8 32. Rc4 Rd5 33. a4 Rbd8 34. Re4 a6 35. b5 axb5 36. axb5 Ra8 37. bxc6 bxc6 38. Rb4 Ne7 39. Rb7 Nf5 40. Rb6 Ra4 41. Rxc6 Nxd4 42. Nxd4 Rdxd4 43. Rxd4 Rxd4 44. Ra6 Rc4 45. c6 f5 46. f3 Kf6 47. Kh2 g5 48. Kg3 Ke5 49. Ra7 f6 50. c7 Kd6 51. Ra6+ Kd7 52. c8=Q+ Rxc8 53. Ra7+ Rc7 54. Ra6 Ke7 55. Rb6 Kf7 56. Ra6 Rc4 57. Rb6 e5 58. Rb7+ Kg6 59. Re7 Rc3 60. Kh2 f4 61. Kg1 Kf5 62. Kh2 Rc6 63. Kg1 Re6 64. Rd7 e4 65. fxe4+ Rxe4 66. Kh2 Re2 67. Rd5+ Kg6 68. Kg1 Ra2 69. Rc5 f5 70. Rc3 g4 71. hxg4 fxg4 72. Rc5 Kf6 73. Kf1 Rb2 74. Ra5 Rb1+ 75. Ke2 Rb2+ 76. Kf1 Ke6 77. Rg5 g3 78. Ra5 Rd2 79. Rb5 Rd5 80. Rb6+ Ke5 81. Rb4 Rd4 82. Rb7 Ke4 83. Re7+ Kd3 84. Re6 Re4 85. Rxe4 Kxe4 86. Ke2 Ke5 87. Kf3 Kf5 88. Ke2 Ke4 89. Kf1 Kd3 90. Ke1 Ke3 91. Kf1 Kd2 92. Kg1 Ke2 93. Kh1 f3 94. gxf3 Kf2 95. f4 g2+ 96. Kh2 g1=Q+ 97. Kh3 Qg3# 0-1


[Site "https://www.chess.com"]

[Event "Titled Tuesday Blitz December 06 Early 2022"]
[White "Golubev, Mikhail"]
[Black "Molina, Roberto Junio Brito"]
[WhiteFideId "14100983"]
[BlackFideId "2109450"]
[WhiteElo "2374"]
[BlackElo "2376"]
[Result "0-1"]
[Round "08"]
[TimeControl "180+1"]
[Date "2022.12.07"]
[WhiteClock "0:00:07"]
[BlackClock "0:01:33"]

1. e4 c6 2. d4 d5 3. Nc3 dxe4 4. Nxe4 Nd7 5. Bd3 Ngf6 6. Ng5 e6 7. N1f3 Bd6 8. Qe2 h6 9. Ne4 Nxe4 10. Qxe4 Qc7 11. Qg4 g5 12. Nd2 b6 13. Ne4 Be7 14. Qh5 Nf6 15. Nxf6+ Bxf6 16. c3 Bb7 17. Be4 O-O-O 18. Be3 Bg7 19. g4 c5 20. Bxb7+ Qxb7 21. O-O-O cxd4 22. cxd4 Bxd4 23. Bxd4 Rxd4 24. Rxd4 Qxh1+ 25. Rd1 Qf3 26. Rd2 Kb8 27. Rc2 Rd8 28. b3 Rd1+ 29. Kb2 Qf6+ 30. Ka3 Rd5 31. Qh3 Ra5+ 32. Kb4 Qd4+ 33. Rc4 Qd2+ 0-1


[Site "https://www.chess.com"]

[Event "Titled Tuesday Blitz December 06 Early 2022"]
[White "Grabinsky, Vladimir"]
[Black "Bambino Filho, Antonio Carlos"]
[WhiteFideId "14107074"]
[BlackFideId "2113163"]
[WhiteElo "2198"]
[BlackElo "2385"]
[Result "1-0"]
[Round "08"]
[TimeControl "180+1"]
[Date "2022.12.07"]
[WhiteClock "0:00:20"]
[BlackClock "0:00:27"]

1. e4 c5 2. Nc3 Nc6 3. g3 g6 4. Bg2 Bg7 5. f4 d6 6. Nf3 e5 7. O-O Nge7 8. d3 O-O 9. f5 gxf5 10. Nh4 fxe4 11. dxe4 f5 12. Bg5 h6 13. Be3 Nd4 14. Qd2 f4 15. gxf4 Nd5 16. Nxd5 Qxh4 17. f5 Nxf5 18. exf5 Bxf5 19. Rf2 Be4 20. Bxe4 Qxe4 21. Rg2 Kh7 22. Re1 Qf3 23. Qd3+ e4 24. Qd2 Be5 25. Bxh6 Rg8 26. Re2 Bd4+ 27. Be3 Raf8 28. Qe1 Be5 29. Qh4+ 1-0


[Site "https://www.chess.com"]

[Event "Titled Tuesday Blitz December 06 Early 2022"]
[White "Grandelius, Nils"]
[Black "Yeremyan, Alen"]
[WhiteFideId "1710400"]
[BlackFideId "13308998"]
[WhiteElo "2617"]
[BlackElo "2159"]
[Result "1/2-1/2"]
[Round "08"]
[TimeControl "180+1"]
[Date "2022.12.06"]
[WhiteClock "0:00:08"]
[BlackClock "0:00:11"]

1. c4 Nf6 2. Nf3 g6 3. b4 Bg7 4. Bb2 O-O 5. g3 d6 6. Bg2 e5 7. O-O Nc6 8. b5 Ne7 9. d3 h6 10. a4 g5 11. Nc3 Ng6 12. a5 Rb8 13. Nd2 h5 14. Ba3 b6 15. axb6 axb6 16. Nde4 Nxe4 17. Bxe4 f5 18. Bg2 g4 19. Nd5 h4 20. Bc1 f4 21. Ra7 Rf7 22. Be4 Bf5 23. Bxf5 Rxf5 24. e4 fxe3 25. Bxe3 Rf3 26. Rxc7 Qf8 27. Qe2 Qf5 28. Bxb6 Rf8 29. Qe4 hxg3 30. Qxf5 gxh2+ 31. Kxh2 R8xf5 32. Ne7+ Nxe7 33. Rxe7 Bf6 34. Rd7 g3+ 35. Kg2 Bh4 36. Ra1 gxf2 37. Ra8+ Rf8 38. Rxf8+ Kxf8 39. Kf1 Rxd3 40. Bxf2 Rf3 41. b6 Bxf2 42. Ke2 Rf4 43. Rxd6 Ke7 44. b7 Rf8 45. Rc6 Ba7 46. Rc8 Rf6 47. b8=Q Bxb8 48. Rxb8 Rc6 49. Rb4 Ke6 50. Kd3 Rd6+ 51. Ke4 Rd4+ 52. Ke3 Kf5 53. Ra4 Rh4 54. Rb4 Rh3+ 55. Ke2 Ke4 56. c5+ Kd5 57. Rb5 Ke4 58. c6 Rh2+ 59. Kd1 Rh7 60. Rb7 Rh6 61. c7 Rc6 62. Kd2 Kd5 63. Rb5+ Kd6 64. Ke3 Kxc7 65. Rxe5 Rd6 66. Re4 Kd7 67. Rd4 Rxd4 68. Kxd4 1/2-1/2


[Site "https://www.chess.com"]

[Event "Titled Tuesday Blitz December 06 Early 2022"]
[White "HSH1987"]
[Black "Guzman Moneo, Alberto"]
[BlackFideId "2209616"]
[WhiteElo "2533"]
[BlackElo "2157"]
[Result "1-0"]
[Round "08"]
[TimeControl "180+1"]
[Date "2022.12.07"]
[WhiteClock "0:00:10"]
[BlackClock "0:00:01"]

1. Nf3 g6 2. g3 Bg7 3. d4 c5 4. dxc5 Na6 5. Bg2 Nxc5 6. O-O Nf6 7. c4 O-O 8. Nc3 d6 9. Be3 Be6 10. b3 Nfe4 11. Nxe4 Nxe4 12. Bd4 Nf6 13. Bb2 d5 14. Nd4 Bd7 15. cxd5 Rc8 16. Qd2 Qb6 17. Rac1 Ng4 18. e3 Ne5 19. h3 Bb5 20. Nxb5 Qxb5 21. Rfd1 a5 22. f4 Rxc1 23. Bxc1 Nd7 24. Ba3 Re8 25. Rc1 a4 26. Bf1 Qb6 27. bxa4 Nf6 28. Bb5 Ra8 29. Bxe7 Nxd5 30. Bc5 Qe6 31. Bc4 Rd8 32. Rd1 Qc6 33. Be7 Qxc4 34. Bxd8 Nc3 35. Re1 Ne4 36. Qg2 h5 37. a5 Qc3 38. Re2 Qd3 39. Bb6 Nxg3 40. Rd2 Qb1+ 41. Kf2 Nf5 42. Qf3 Bf6 43. Qd1 Bh4+ 44. Kg2 Qe4+ 45. Qf3 Qb1 46. e4 Ng3 47. Rd1 Qc2+ 48. Bf2 1-0


[Site "https://www.chess.com"]

[Event "Titled Tuesday Blitz December 06 Early 2022"]
[White "Hansen, Eric"]
[Black "Kazakouski, Valery"]
[WhiteFideId "2606771"]
[BlackFideId "13507443"]
[WhiteElo "2568"]
[BlackElo "2516"]
[Result "1-0"]
[Round "08"]
[TimeControl "180+1"]
[Date "2022.12.06"]
[WhiteClock "0:00:05"]
[BlackClock "0:00:01"]

1. d4 d5 2. c4 e6 3. Nc3 a6 4. cxd5 exd5 5. Bf4 Nf6 6. e3 Bd6 7. Bg3 Bf5 8. Bd3 Bxd3 9. Qxd3 O-O 10. Nge2 c6 11. O-O Bxg3 12. Nxg3 Re8 13. f3 Qb6 14. b3 Nbd7 15. Rad1 Rad8 16. Kh1 Nf8 17. Na4 Qb5 18. Qc3 a5 19. a3 Re7 20. Nf5 Rc7 21. Nc5 Ne6 22. a4 Qb6 23. e4 Nxc5 24. dxc5 Qb4 25. Qxb4 axb4 26. Rd4 g6 27. Ng3 Re8 28. Rxb4 dxe4 29. fxe4 Ng4 30. h3 Ne5 31. Rd1 Rce7 32. Rbd4 h5 33. b4 f6 34. Kg1 Nf7 35. Rd7 h4 36. Nh1 Rxe4 37. Rxb7 Ng5 38. Kf1 Rf4+ 39. Kg1 Rfe4 40. Rf1 f5 41. a5 Ra8 42. Rd1 Ne6 43. Nf2 Rc4 44. Nd3 Rd4 45. Nb2 Rxd1+ 46. Nxd1 Nd4 47. Ne3 Re8 48. a6 Rxe3 49. a7 Ra3 50. Rb8+ Kf7 51. a8=Q Rxa8 52. Rxa8 g5 53. Rd8 Ne2+ 54. Kf2 Nc3 55. Kf3 Ne4 56. Rd4 1-0


[Site "https://www.chess.com"]

[Event "Titled Tuesday Blitz December 06 Early 2022"]
[White "Holt, Conrad"]
[Black "Boyer, Mahel"]
[WhiteFideId "2034387"]
[BlackFideId "45102422"]
[WhiteElo "2592"]
[BlackElo "2455"]
[Result "0-1"]
[Round "08"]
[TimeControl "180+1"]
[Date "2022.12.06"]
[WhiteClock "0:00:01"]
[BlackClock "0:00:16"]

1. d4 e6 2. c4 f5 3. g3 Nf6 4. Bg2 d5 5. Nh3 Bd6 6. O-O O-O 7. Bf4 Be7 8. Nd2 c6 9. Qb3 Nbd7 10. Ng5 Nb6 11. a4 h6 12. Ngf3 Ne4 13. a5 Nd7 14. a6 bxa6 15. cxd5 cxd5 16. Rfc1 Bd6 17. Bxd6 Nxd6 18. Rc6 Rb8 19. Qc2 Rb6 20. Rc1 Bb7 21. Rxb6 axb6 22. Ne5 Nxe5 23. dxe5 Nb5 24. e3 Rf7 25. Bf1 Rc7 26. Qd1 Rxc1 27. Qxc1 Qc7 28. Qxc7 Nxc7 29. Nb3 Kf7 30. f3 a5 31. Nd4 Ba6 32. Kf2 Bxf1 33. Kxf1 Ke7 34. Ke2 Kd7 35. g4 fxg4 36. fxg4 Na6 37. h4 Nb4 38. g5 hxg5 39. hxg5 Nc6 40. Nf3 Ne7 41. Kd3 Nf5 42. Nd2 Kc6 43. e4 Ng3 44. Kd4 Nxe4 45. Nf3 g6 46. Nh4 Nxg5 47. Nxg6 Kb5 48. Nf8 Kb4 49. Ke3 Nf7 50. Kd4 Nd8 51. Nd7 b5 52. Kd3 Nc6 53. Kc2 Kc4 54. Kd2 Kd4 0-1


[Site "https://www.chess.com"]

[Event "Titled Tuesday Blitz December 06 Early 2022"]
[White "Ilkhomi, Jaloliddin"]
[Black "Samaganova, Aleksandra"]
[WhiteFideId "14700948"]
[BlackFideId "13800221"]
[WhiteElo "2045"]
[BlackElo "1864"]
[Result "1-0"]
[Round "08"]
[TimeControl "180+1"]
[Date "2022.12.07"]
[WhiteClock "0:00:13"]
[BlackClock "0:00:01"]

1. d4 Nf6 2. Bf4 e6 3. e3 b6 4. Nd2 Bb7 5. Ngf3 Be7 6. h3 O-O 7. Bd3 c5 8. c3 d5 9. Ne5 Nc6 10. Qf3 Nd7 11. h4 f5 12. Nxc6 Bxc6 13. g4 Kh8 14. gxf5 exf5 15. O-O-O b5 16. Rdg1 b4 17. cxb4 cxd4 18. exd4 Rc8 19. Kb1 Qb6 20. Nb3 Qxb4 21. Qg3 Rf7 22. h5 Bb5 23. Bxf5 Bf6 24. Be5 Qe7 25. Bg6 Rff8 26. h6 Nxe5 27. hxg7+ Bxg7 28. Rxh7+ Kg8 29. Bf5 Rc7 30. Rh8+ Kxh8 31. Qh3+ Kg8 32. Qh7+ Kf7 33. Rxg7+ Ke8 34. Rxe7+ Rxe7 35. Qh5+ Nf7 36. Nc5 Re1+ 37. Kc2 Re2+ 38. Kc1 Rxf2 39. Bg6 Rf1+ 40. Kd2 Rf2+ 41. Kc3 Ke7 42. Qxd5 Rd8 43. Qb7+ Kf8 44. Qxb5 Rf3+ 45. Bd3 Nd6 46. Ne6+ Ke7 47. Qe5 Rc8+ 48. Nc5+ Kd8 49. Qxd6+ Ke8 50. Kd2 Rf7 51. Bg6 1-0


[Site "https://www.chess.com"]

[Event "Titled Tuesday Blitz December 06 Early 2022"]
[White "Iskusnyh, Sergei"]
[Black "Ozen, Bahadir"]
[WhiteFideId "4120027"]
[BlackFideId "6337058"]
[WhiteElo "2492"]
[BlackElo "2503"]
[Result "1/2-1/2"]
[Round "08"]
[TimeControl "180+1"]
[Date "2022.12.06"]
[WhiteClock "0:01:13"]
[BlackClock "0:01:03"]

1. d4 d6 2. Nf3 Nf6 3. c4 Nbd7 4. g3 e5 5. Nc3 c6 6. Bg2 Be7 7. O-O O-O 8. Qc2 Re8 9. e4 a6 10. Be3 b5 11. Rfd1 Bf8 12. dxe5 dxe5 13. a3 Qc7 14. Rac1 b4 15. axb4 Bxb4 16. Na4 a5 17. h3 Ba6 18. Ne1 Bf8 19. Nd3 Rab8 20. Nac5 Nxc5 21. Nxc5 Bc8 22. Ra1 Nd7 23. Na4 Ba6 24. c5 Bb5 25. Nb6 Nxc5 26. Bxc5 Bxc5 27. Qxc5 Qxb6 28. Qxb6 Rxb6 29. Rxa5 Rb7 30. Rd2 Kf8 31. Bf1 Bxf1 32. Kxf1 f6 33. Rc2 Reb8 34. Rxc6 Rxb2 35. Ra7 R2b7 36. Rc7 Rxa7 37. Rxa7 Rb4 1/2-1/2


[Site "https://www.chess.com"]

[Event "Titled Tuesday Blitz December 06 Early 2022"]
[White "Jaskolka, Tomasz"]
[Black "Koellner, Ruben Gideon"]
[WhiteFideId "1170791"]
[BlackFideId "12993093"]
[WhiteElo "2126"]
[BlackElo "2303"]
[Result "0-1"]
[Round "08"]
[TimeControl "180+1"]
[Date "2022.12.07"]
[WhiteClock "0:00:48"]
[BlackClock "0:00:22"]

1. e4 d6 2. d4 Nf6 3. Nc3 e5 4. dxe5 dxe5 5. Qxd8+ Kxd8 6. Bc4 Be6 7. Bxe6 fxe6 8. f3 Bd6 9. Be3 Ke7 10. O-O-O Nc6 11. Nh3 a6 12. Nf2 b5 13. Nd3 Nd7 14. h4 Rhb8 15. h5 a5 16. h6 g6 17. Bg5+ Kf7 18. Nf2 a4 19. Kb1 b4 20. Ne2 b3 21. cxb3 axb3 22. a3 Ra4 23. Nc3 Rc4 24. Ng4 Nd4 25. Rd3 Nc6 26. Rf1 Nc5 27. Rd2 Na4 28. Nxa4 Rxa4 29. f4 exf4 30. Bxf4 Bxf4 31. Rxf4+ Ke7 32. Rdf2 Nd8 33. Nf6 Rd4 34. e5 Rd1# 0-1


[Site "https://www.chess.com"]

[Event "Titled Tuesday Blitz December 06 Early 2022"]
[White "Jiganchine, Roman"]
[Black "Manukyan, Sargis A."]
[WhiteFideId "2603667"]
[BlackFideId "13303970"]
[WhiteElo "2350"]
[BlackElo "2187"]
[Result "0-1"]
[Round "08"]
[TimeControl "180+1"]
[Date "2022.12.07"]
[WhiteClock "0:00:05"]
[BlackClock "0:00:07"]

1. e4 e6 2. d4 d5 3. Nd2 Nc6 4. Ngf3 Nf6 5. e5 Nd7 6. Bb5 a6 7. Bxc6 bxc6 8. O-O c5 9. c3 cxd4 10. cxd4 c5 11. dxc5 Bxc5 12. Nb3 Ba7 13. Bg5 Qb6 14. h4 h6 15. Be3 Qb8 16. Re1 O-O 17. Rc1 a5 18. Qd2 Bxe3 19. Rxe3 Qb4 20. Qe2 Qg4 21. Rec3 Ba6 22. Qe3 Bc4 23. Nbd4 Bxa2 24. Rc7 Rfd8 25. Rb7 Bc4 26. b3 Ba6 27. Rbc7 Nf8 28. Nc6 Rd7 29. Ne7+ Kh7 30. Qb6 Be2 31. Nh2 Qxh4 32. Rxd7 Nxd7 33. Qd6 Re8 34. Nxd5 exd5 35. Qxd7 Rxe5 36. Qd6 Rh5 37. Re1 Bd3 38. Qe7 Bg6 39. Qd6 Qg5 40. Nf3 Qg4 41. Ne5 Qf5 42. Nxg6 Qxg6 43. Qf4 Rf5 44. Qe3 Qc6 45. Qd3 Qg6 46. Qe3 Rg5 47. g3 h5 48. Qf4 Rg4 49. Qf3 d4 50. Rd1 Qg5 51. Re1 Qg6 52. Rd1 f6 53. Re1 f5 54. Qd3 h4 55. Kh2 hxg3+ 56. fxg3 Qh6+ 57. Kg2 Rg5 58. Rh1 Rh5 59. Qxf5+ Rxf5 60. Rxh6+ Kxh6 0-1


[Site "https://www.chess.com"]

[Event "Titled Tuesday Blitz December 06 Early 2022"]
[White "Jobava, Baadur"]
[Black "Martinez Alcantara, Jose Eduardo"]
[WhiteFideId "13601520"]
[BlackFideId "3805662"]
[WhiteElo "2582"]
[BlackElo "2707"]
[Result "1-0"]
[Round "08"]
[TimeControl "180+1"]
[Date "2022.12.06"]
[WhiteClock "0:00:07"]
[BlackClock "0:00:06"]

1. e4 e5 2. Nf3 Nf6 3. Nxe5 d6 4. Nf3 Nxe4 5. d3 Nf6 6. d4 Be7 7. Bd3 O-O 8. O-O Nbd7 9. Re1 Re8 10. c4 d5 11. c5 Nf8 12. Nc3 Bg4 13. h3 Bxf3 14. Qxf3 c6 15. Be3 Ne6 16. Re2 b6 17. cxb6 axb6 18. Rae1 Bb4 19. Bf5 Qd6 20. a3 Bxc3 21. bxc3 Qxa3 22. Bc1 Qd6 23. Bxe6 Rxe6 24. Rxe6 fxe6 25. Bf4 Qd7 26. Be5 Ne4 27. Qe3 Ra3 28. Rc1 b5 29. f3 Nd6 30. Qg5 Nf5 31. Kh2 Ra2 32. Re1 h6 33. Qg4 Qf7 34. h4 h5 35. Qg5 Qe7 36. Qxe7 Nxe7 37. Kh3 Kf7 38. g4 g6 39. Kg3 Rc2 40. Ra1 hxg4 41. Ra7 Ke8 42. Ra8+ Kf7 43. Ra7 gxf3 44. Bd6 f2 45. Kg2 Kf6 46. Bxe7+ Kf5 47. Bc5 Ke4 48. Rf7 Rxc3 49. Rxf2 Kd3 50. Rf6 Kc4 51. Rxe6 b4 52. Bxb4 Kd3 53. Bxc3 Kxc3 54. Rxg6 Kxd4 55. Rxc6 Ke5 56. Rg6 Kf5 57. h5 d4 58. Kf3 d3 59. Ke3 d2 60. Kxd2 1-0


[Site "https://www.chess.com"]

[Event "Titled Tuesday Blitz December 06 Early 2022"]
[White "Kaplan, Avi Harrison"]
[Black "Tarnowska, Aleksandra"]
[WhiteFideId "30934559"]
[BlackFideId "1180967"]
[WhiteElo "1983"]
[BlackElo "1776"]
[Result "1-0"]
[Round "08"]
[TimeControl "180+1"]
[Date "2022.12.07"]
[WhiteClock "0:00:24"]
[BlackClock "0:00:01"]

1. a3 e5 2. c4 c6 3. Nf3 e4 4. Nd4 d5 5. cxd5 cxd5 6. Nc3 Nf6 7. d3 Bc5 8. Nb3 Be7 9. Bg5 O-O 10. e3 h6 11. Bh4 Bf5 12. Be2 Nc6 13. O-O Ne5 14. d4 Ng6 15. Bg3 a6 16. Rc1 Rc8 17. Na4 Nd7 18. Qd2 Bh4 19. Rxc8 Qxc8 20. Rc1 Qd8 21. Bd6 Re8 22. Nbc5 Nxc5 23. Bxc5 b5 24. Nb6 Be6 25. a4 bxa4 26. Bxa6 Qf6 27. Bb5 Rb8 28. Bxa4 Qg5 29. b4 Bh3 30. g3 Qg4 31. Bb5 Qf3 32. Bf1 Bxf1 33. Rxf1 Bd8 34. Nxd5 h5 35. Qd1 Qf5 36. Nc3 h4 37. Qc2 hxg3 38. fxg3 Qg5 39. Qxe4 Bf6 40. b5 Qh5 41. b6 Rc8 42. Nd5 1-0


[Site "https://www.chess.com"]

[Event "Titled Tuesday Blitz December 06 Early 2022"]
[White "Kirillov, Dmitry"]
[Black "Sanchez, Robert"]
[WhiteFideId "34180572"]
[BlackFideId "2034360"]
[WhiteElo "2111"]
[BlackElo "2348"]
[Result "0-1"]
[Round "08"]
[TimeControl "180+1"]
[Date "2022.12.07"]
[WhiteClock "0:00:08"]
[BlackClock "0:00:21"]

1. e4 e6 2. d4 d5 3. Nd2 Nf6 4. e5 Nfd7 5. Bd3 c5 6. c3 Nc6 7. Ne2 cxd4 8. cxd4 f6 9. exf6 Nxf6 10. Nf3 Bd6 11. O-O Qc7 12. Bg5 O-O 13. Bh4 Nh5 14. Bg3 Nxg3 15. hxg3 Bd7 16. Rc1 Qb6 17. a3 e5 18. dxe5 Nxe5 19. Nxe5 Bxe5 20. Nc3 Bxg3 21. Bxh7+ Kh8 22. Qh5 Bxf2+ 23. Rxf2 Qxf2+ 24. Kh1 g6 25. Bxg6+ Kg7 26. Qh7+ Kf6 27. Nxd5+ Ke5 28. Qe7+ Be6 29. Qc7+ Kxd5 30. Qc3 Rh8+ 0-1


[Site "https://www.chess.com"]

[Event "Titled Tuesday Blitz December 06 Early 2022"]
[White "Kleiman, Jake"]
[Black "Yeletsky, Ivan"]
[WhiteFideId "2020041"]
[BlackFideId "24180327"]
[WhiteElo "2562"]
[BlackElo "2391"]
[Result "0-1"]
[Round "08"]
[TimeControl "180+1"]
[Date "2022.12.07"]
[WhiteClock "0:00:09"]
[BlackClock "0:00:17"]

1. e4 Nf6 2. e5 Nd5 3. d4 d6 4. Nf3 dxe5 5. Nxe5 c6 6. Bc4 Nd7 7. Nf3 e6 8. O-O Be7 9. Re1 O-O 10. c3 b6 11. Nbd2 Bb7 12. Bb3 c5 13. Ne4 cxd4 14. cxd4 Rc8 15. a3 N7f6 16. Ng3 Bd6 17. Ne5 Rc7 18. Bg5 Be7 19. Qd3 Nd7 20. Bc2 f5 21. Bxe7 Qxe7 22. Qd2 f4 23. Ne4 Nxe5 24. dxe5 f3 25. g3 Qe8 26. Nd6 Qh5 27. Bd3 Nf4 28. Bf1 Bd5 29. gxf4 Qg6+ 30. Kh1 Rc2 31. Qe3 Rxf4 32. Qxf4 Rxf2 33. Qg3 Rxf1+ 0-1


[Site "https://www.chess.com"]

[Event "Titled Tuesday Blitz December 06 Early 2022"]
[White "Korobov, Anton"]
[Black "Zemlyanskii, Ivan"]
[WhiteFideId "14105730"]
[BlackFideId "24249971"]
[WhiteElo "2635"]
[BlackElo "2107"]
[Result "1-0"]
[Round "08"]
[TimeControl "180+1"]
[Date "2022.12.06"]
[WhiteClock "0:00:51"]
[BlackClock "0:00:02"]

1. d4 d5 2. c4 e6 3. Nc3 c6 4. e4 dxe4 5. Nxe4 Bb4+ 6. Nc3 e5 7. a3 Bxc3+ 8. bxc3 Nf6 9. Nf3 Bg4 10. Be2 exd4 11. cxd4 O-O 12. O-O Nbd7 13. h3 Bh5 14. Be3 Qc7 15. Qb3 Rfe8 16. a4 Ne4 17. a5 b6 18. Rfe1 Rab8 19. a6 b5 20. cxb5 cxb5 21. Rec1 Qd6 22. Ne5 Bg6 23. Nc6 Rb6 24. d5 Ndc5 25. Qb4 Rxa6 26. Bxc5 Rxa1 27. Bxd6 Rxc1+ 28. Kh2 Nxf2 29. Ne7+ Kh8 30. Bf3 Rd8 31. Nxg6+ fxg6 32. Be5 Nd3 33. Qe7 Rg8 34. Bg3 1-0


[Site "https://www.chess.com"]

[Event "Titled Tuesday Blitz December 06 Early 2022"]
[White "Kuznetsov, Mikhail"]
[Black "Dushyant Sharma"]
[WhiteFideId "4117190"]
[BlackFideId "25065130"]
[WhiteElo "1981"]
[BlackElo "2280"]
[Result "1-0"]
[Round "08"]
[TimeControl "180+1"]
[Date "2022.12.07"]
[WhiteClock "0:00:07"]
[BlackClock "0:00:19"]

1. Nf3 d5 2. g3 e6 3. Bg2 Nf6 4. O-O Be7 5. d4 O-O 6. c4 dxc4 7. Qa4 c5 8. dxc5 Nc6 9. Qxc4 e5 10. Nc3 Be6 11. Qb5 Qc7 12. Bg5 a6 13. Qb6 Qc8 14. Bxf6 Bxf6 15. Rfd1 Bd8 16. Rxd8 Rxd8 17. Ne4 Bd5 18. Nd6 Qb8 19. b3 Qa7 20. Qc7 Qxc5 21. Nxb7 Qc3 22. Rd1 Rdc8 23. Qd7 Bxf3 24. Bxf3 Nd4 25. Nd6 Nxf3+ 26. exf3 Rf8 27. Kg2 Rad8 28. Qb7 Qc2 29. Qd5 Qxa2 30. Rd3 Qb2 31. Qc4 Qa3 32. Ne4 Rxd3 33. Qxd3 h6 34. Qc4 Rb8 35. Nc5 Qb4 36. Qd5 Rb5 37. Qd8+ Kh7 38. Nd7 h5 39. Nf8+ Kh6 40. Nd7 Rd5 41. Qh8+ Kg6 42. Nf8+ Kf6 43. Nh7+ Kf5 44. Qxg7 Qe7 45. Qh6 Rd6 46. Qxh5+ Ke6 47. Qg4+ f5 48. Qg6+ Kd5 49. Qxf5 a5 50. Ng5 Kc5 51. Ne4+ Kb4 52. Nxd6 Qxd6 53. Qf7 Qc6 54. h4 e4 55. fxe4 Qxe4+ 56. Kh2 Qc2 57. h5 Qxb3 58. Qxb3+ Kxb3 59. h6 a4 60. h7 a3 61. h8=Q Ka2 62. g4 1-0


[Site "https://www.chess.com"]

[Event "Titled Tuesday Blitz December 06 Early 2022"]
[White "Kvaloy, Aksel Bu"]
[Black "Fiedorek, Michal"]
[WhiteFideId "1528815"]
[BlackFideId "1199528"]
[WhiteElo "2184"]
[BlackElo "2201"]
[Result "1-0"]
[Round "08"]
[TimeControl "180+1"]
[Date "2022.12.07"]
[WhiteClock "0:00:07"]
[BlackClock "0:00:10"]

1. d4 Nf6 2. c4 e6 3. g3 d5 4. Nf3 Bb4+ 5. Bd2 Be7 6. Bg2 O-O 7. O-O c6 8. Qc2 b6 9. Bf4 Nh5 10. Bxb8 Rxb8 11. e4 dxe4 12. Qxe4 Bb7 13. Qe2 c5 14. Rd1 Qc7 15. Nc3 cxd4 16. Nxd4 Bxg2 17. Kxg2 Nf6 18. Ndb5 Qc6+ 19. Qf3 Qxc4 20. Rac1 a6 21. Na7 Qc7 22. Nc6 Rbc8 23. Ne2 Bc5 24. Ncd4 Qe7 25. Qd3 Qb7+ 26. f3 Rfd8 27. Qe3 Nd5 28. Qe5 Be7 29. Rxc8 Rxc8 30. Nxe6 Bf6 31. Qxd5 Qxd5 32. Rxd5 fxe6 33. Rd2 Rc4 34. Nf4 Kf7 35. Re2 Rc6 36. b3 a5 37. Nd3 b5 38. Kf2 Rc3 39. Ke3 a4 40. bxa4 bxa4 41. Kd2 Rc6 42. Re5 Rd6 43. Ra5 Rd4 44. Ke3 Rc4 45. a3 Kg6 46. Nf4+ Kf7 47. Ra7+ Be7 48. Nd3 Rc3 49. Rxa4 Rxa3 50. Rf4+ Ke8 51. Re4 Kd7 52. h4 Bd6 53. g4 Ra1 54. h5 Rd1 55. Ke2 Rh1 56. Rd4 Ke7 57. Nf2 Rh2 58. Kf1 Bc5 59. Rd2 Bxf2 60. Rxf2 Rxf2+ 61. Kxf2 e5 62. Ke3 Kf6 63. Ke4 g6 64. h6 g5 65. Kd5 Kg6 66. Kxe5 Kxh6 67. Kf5 Kg7 68. Kxg5 Kf7 69. Kh6 Kg8 70. f4 Kh8 71. f5 Kg8 72. f6 Kh8 73. g5 Kg8 74. f7+ 1-0


[Site "https://www.chess.com"]